 Dungeon Crawl Stone Soup version 0.18.1-5-g4a78601 (webtiles) character file.

5027 thecre the Spear-Bearer (level 10, 0/79 HPs)
             Began as a Merfolk Ice Elementalist on May 13, 2016.
             Was a Follower of Nemelex Xobeh.
             Slain by a hornet zombie (6 damage)
             ... on level 8 of the Dungeon.
             The game lasted 00:35:23 (11349 turns).

thecre the Spear-Bearer (Merfolk Ice Elementalist) Turns: 11349, Time: 00:35:24

Health: 0/79       AC: 13    Str: 19    XL:     10   Next: 55%
Magic:  12/14      EV: 18    Int: 20    God:    Nemelex Xobeh [*.....]
Gold:   495        SH:  3    Dex: 14    Spells: 3 memorised, 8 levels left

rFire  . . .     SeeInvis .     z - +5 scythe (venom)
rCold  . . .     Gourm    .     a - +2 robe
rNeg   . . .     Faith    .     (shield currently unavailable)
rPois  .         Spirit   .     (no helmet)
rElec  .         Dismiss  .     (no cloak)
rCorr  .         Reflect  +     I - +0 pair of gloves
SustAt .         Harm     .     (no boots)
MR     .....                    w - +3 amulet of reflection
Stlth  ++........               (no ring)
                                e - +5 ring of strength

@: mighty, icy armour, slow, not resistant to hostile enchantments, unstealthy
A: change form in water, swift swim, yellow scales 1, clever 1, deformed body,
mutation resistance 1, shaggy fur 1
a: Renounce Religion


You were on level 8 of the Dungeon.
You worshipped Nemelex Xobeh.
Nemelex Xobeh was aware of your devotion.
You were full.

You visited 2 branches of the dungeon, and saw 9 of its levels.

You collected 495 gold pieces.

Inventory:

Hand Weapons
 i - a +0 dagger
 j - a -2 dagger
 k - a cursed +1 trident
 l - a +3 dagger of pain
 p - a +0 short sword
 z - a +5 scythe of venom (weapon)
Armour
 a - a +2 robe (worn)
 g - a +0 leather armour
 x - a +0 ring mail
 I - a +0 pair of gloves (worn)
Rods
 O - a +1 lightning rod (14/14)
   (You found it on level 8 of the Dungeon)
Jewellery
 e - a +5 ring of strength (left hand)
 w - a +3 amulet of reflection (around neck)
 y - an uncursed amulet of dismissal {unknown}
 P - a +6 amulet of reflection
Wands
 c - a wand of acid (13/15)
 A - a wand of paralysis (5/24)
 J - a wand of digging (13/24)
Scrolls
 f - a scroll of amnesia
 q - a scroll of blinking
 r - 2 scrolls of immolation
 v - 2 scrolls of recharging
 B - 2 scrolls of remove curse
 D - 2 scrolls of identify
 E - a scroll of magic mapping
 M - 2 scrolls of enchant armour
Potions
 h - 2 potions of might
 m - a potion of flight
 n - a potion of magic {unknown}
 o - a potion of agility
 s - a potion of cure mutation {unknown}
 t - a potion of brilliance {unknown}
 u - 9 potions of curing {unknown}
 C - a potion of haste {unknown}
 F - 3 potions of mutation
 G - a potion of degeneration {unknown}
Books
 b - a book of Frost

   Spells                             Type                      Level
   a - Freeze                         Ice                          1
   b - Throw Frost                    Conjuration/Ice              2
   c - Ozocubu's Armour               Charms/Ice                   3
   d - Throw Icicle                   Conjuration/Ice              4
   e - Summon Ice Beast               Ice/Summoning                4
Miscellaneous
 H - a plain deck of destruction {drawn: 2}
 N - a plain deck of destruction
Comestibles
 d - 2 royal jellies
 K - a bread ration
 L - 6 beef jerkies


   Skills:
 - Level 7.4 Fighting
 * Level 12.5 Polearms
 - Level 10.0 Dodging
 - Level 2.1 Stealth
 - Level 2.9 Spellcasting
 - Level 0.7 Conjurations
 - Level 4.6 Charms
 - Level 6.0 Ice Magic


You had 8 spell levels left.
You knew the following spells:

 Your Spells              Type           Power        Failure   Level  Hunger
a - Freeze                Ice            ####         1%          1    None
b - Throw Frost           Conj/Ice       ###...       6%          2    ##.....
c - Ozocubu's Armour      Chrm/Ice       ###.....     6%          3    ###....


Dungeon Overview and Level Annotations

Branches:
Dungeon (8/15)             Temple (1/1) D:6
   Lair: D:8-11

Altars:
Ashenzari
Cheibriados
Elyvilon
Fedhas
Gozag
Kikubaaqudgha
Makhleb
Nemelex Xobeh
Okawaru
Pakellas
Qazlal
Ru
Sif Muna
Trog
Vehumet
Xom
Yredelemnul
Zin
The Shining One


Innate Abilities, Weirdness & Mutations

You revert to your normal form in water.
You are very nimble and swift while swimming.
You are partially covered in yellow scales (AC +2).
Your mind is acute. (Int +2)
Armour fits poorly on your strangely shaped body.
You are somewhat resistant to further mutation.
You are covered in fur (AC +1).


Message History

You slash the hornet zombie! The hornet zombie hits you! x2
Casting: Ozocubu's Armour
Confirm with . or Enter, or press ? or * to list all spells.
A film of ice covers your body! The hornet zombie closely misses you.
You slash the hornet zombie! The hornet zombie barely misses you.
The hornet zombie hits you!
* * * LOW HITPOINT WARNING * * *
The hornet zombie hits you.
* * * LOW HITPOINT WARNING * * *
Drink which item? (? for menu, Esc to quit)
You feel very mighty all of a sudden. You block the hornet zombie's attack.
You barely miss the hornet zombie. The hornet zombie misses you. x2
You slash the hornet zombie! The hornet zombie hits you.
* * * LOW HITPOINT WARNING * * *
The hornet zombie hits you!
* * * LOW HITPOINT WARNING * * *
You barely miss the hornet zombie. The hornet zombie hits you.
You die...
Your body disappears without a glow.

##..######....)...._.....#
...............#.......###
.....#####.....#.8...8.#
.....# ###...##.....##
##.#.# #...####.### ##.#.#
##.##.##.# ##...#
#.##....# .....####
#.##.#### ......... #@#
####.#### #Z# .. .# #.# ##
## #.# # #.# # #.# # #<#
#.# #.#


You could see a hornet zombie.

Vanquished Creatures
  Pikel (D:5)
  Joseph (D:7)
  Psyche (D:8)
  Prince Ribbit (D:7)
  Sigmund (D:5)
  Eustachio (D:5)
  Grum (D:8)
  Duvessa (D:7)
  A water moccasin (D:7)
  3 ice beasts
  A black bear (D:7)
  A phantom (D:8)
  5 ogres
  A wolf (D:8)
  8 centaurs
  A giant frog (D:7)
  Dowan (D:7)
  A scorpion (D:7)
  4 wights (D:6)
  3 howler monkeys (D:5)
  2 crimson imps
  3 giant frog zombies
  A quasit (D:7)
  2 giant frog skeletons (D:5)
  2 centaur skeletons
  3 hounds
  A jelly (D:5)
  Natasha (twice) (D:8)
  2 iguanas (D:5)
  3 worker ants
  6 orc wizards
  A hell rat (D:8)
  A hound zombie (D:8)
  A howler monkey zombie (D:7)
  4 gnolls (D:5)
  10 adders
  A howler monkey skeleton (D:5)
  A river rat (D:8)
  An ooze (D:2)
  An adder skeleton (D:5)
  3 worms
  6 dart slugs
  22 orcs
  3 ball pythons
  7 bats
  3 giant cockroaches
  2 gnoll zombies (D:5)
  13 goblins
  13 hobgoblins
  8 jackals
  4 quokkas
  5 giant newts
  7 kobolds
  A quokka skeleton (D:3)
  8 rats
  2 plants (D:5)
193 creatures vanquished.

Vanquished Creatures (collateral kills)
  A necrophage (D:8)
  A giant cockroach (D:8)
2 creatures vanquished.

Vanquished Creatures (others)
  2 slaves (D:5)
  2 worker ants (D:5)
  A scorpion (D:5)
  2 quokkas (D:5)
7 creatures vanquished.

Grand Total: 202 creatures vanquished

Notes
Turn   | Place    | Note
--------------------------------------------------------------
     0 | D:1      | thecre the Merfolk Ice Elementalist began the quest for the Orb.
     0 | D:1      | Reached XP level 1. HP: 13/13 MP: 3/3
   190 | D:1      | Reached XP level 2. HP: 18/19 MP: 3/5
   733 | D:1      | Learned a level 2 spell: Throw Frost
   991 | D:1      | Reached XP level 3. HP: 21/24 MP: 5/7
  1110 | D:2      | Learned a level 3 spell: Ozocubu's Armour
  1223 | D:2      | Found a faded altar to an unknown god.
  1347 | D:2      | Reached skill level 1 in Charms
  1391 | D:2      | You fall through a shaft for 2 floors!
  1391 | D:4      | Noticed Natasha
  1432 | D:3      | Gained mutation: You are covered in fur (AC +1). [potion of mutation]
  1432 | D:3      | Gained mutation: Armour fits poorly on your strangely shaped body. [potion of mutation]
  1432 | D:3      | Gained mutation: Your mind is acute. (Int +2) [potion of mutation]
  1659 | D:3      | Reached XP level 4. HP: 30/30 MP: 6/8
  2177 | D:3      | Gained mutation: You are partially covered in yellow scales (AC +2). [potion of mutation]
  2177 | D:3      | Gained mutation: You are somewhat resistant to further mutation. [potion of mutation]
  3138 | D:2      | Found a glowing golden altar of the Shining One.
  3212 | D:2      | Reached XP level 5. HP: 35/35 MP: 9/9
  4081 | D:4      | Noticed an ogre
  4094 | D:4      | Killed an ogre
  4094 | D:4      | Reached skill level 1 in Fighting
  4094 | D:4      | Reached XP level 6. HP: 44/44 MP: 0/10
  5078 | D:5      | Entered Level 5 of the Dungeon
  5119 | D:5      | Reached skill level 5 in Dodging
  5119 | D:5      | Reached XP level 7. HP: 32/52 MP: 5/11
  5235 | D:5      | Noticed Sigmund
  5247 | D:5      | Killed Sigmund
  5247 | D:5      | Reached skill level 5 in Fighting
  5462 | D:5      | Reached skill level 2 in Polearms
  5530 | D:5      | Reached skill level 3 in Polearms
  5598 | D:5      | Noticed Eustachio
  5631 | D:5      | Killed Eustachio
  5631 | D:5      | Reached skill level 5 in Polearms
  5631 | D:5      | Reached XP level 8. HP: 41/64 MP: 8/12
  5636 | D:5      | Paralysed by a centaur for 6 turns
  5941 | D:5      | Reached skill level 6 in Polearms
  6091 | D:5      | Noticed Pikel
  6117 | D:5      | Killed Pikel
  6117 | D:5      | Reached skill level 9 in Polearms
  6117 | D:5      | Reached XP level 9. HP: 57/72 MP: 10/13
  6216 | D:5      | Found a basalt altar of Yredelemnul.
  6523 | D:5      | Found a shattered altar of Ashenzari.
  6711 | D:5      | Found a stormy altar of Qazlal.
  6711 | D:5      | Found a deep blue altar of Sif Muna.
  6988 | D:6      | Reached skill level 5 in Ice Magic
  7146 | D:6      | Found a staircase to the Ecumenical Temple.
  7155 | Temple   | Entered the Ecumenical Temple
  7522 | Temple   | Became a worshipper of Nemelex Xobeh the Trickster
  8441 | D:6      | Received a gift from Nemelex Xobeh
  8937 | D:7      | Noticed Prince Ribbit
  8944 | D:7      | Noticed Joseph
  8949 | D:7      | Killed Prince Ribbit
  9086 | D:7      | Killed Joseph
  9463 | D:7      | Noticed Duvessa
  9463 | D:7      | Noticed Dowan
  9472 | D:7      | Killed Duvessa
  9472 | D:7      | Reached XP level 10. HP: 69/79 MP: 14/14
  9480 | D:7      | Killed Dowan
  9483 | D:7      | Reached * piety under Nemelex Xobeh
  9742 | D:7      | Reached skill level 10 in Dodging
  9773 | D:7      | Reached skill level 10 in Polearms
 10410 | D:7      | Reached skill level 11 in Polearms
 10559 | D:8      | Received a gift from Nemelex Xobeh
 10559 | D:8      | Noticed Psyche
 10563 | D:8      | Killed Psyche
 10663 | D:8      | Noticed Grum
 10677 | D:8      | Killed Grum
 10677 | D:8      | Reached skill level 12 in Polearms
 11048 | D:8      | Found a radiant altar of Vehumet.
 11158 | D:8      | Killed Natasha
 11215 | D:8      | Noticed Natasha
 11218 | D:8      | Killed Natasha
 11305 | D:8      | Found an opulent altar of Gozag.
 11349 | D:8      | Slain by a hornet zombie

Skill      XL: |  1  2  3  4  5  6  7  8  9 10 |
---------------+-------------------------------+-----
Charms         | 1 2 3 4 |  4.6
Ice Magic      | 4 6 |  6.0
Fighting       | 1 3 5 7 |  7.4
Dodging        | 3 5 9 10 | 10.0
Polearms       | 5 9 12 | 12.5
Stealth        | |  2.1
Spellcasting   | |  2.9
Conjurations   | |  0.7

Action                   |  1- 3 |  4- 6 |  7- 9 | 10-12 || total
-------------------------+-------+-------+-------+-------++-------
Melee: Dagger            |    41 |   129 |     1 |       ||   171
       Scythe            |       |       |   182 |   101 ||   283
 Cast: Freeze            |    53 |    75 |    26 |    10 ||   164
       Throw Frost       |     3 |     5 |     4 |       ||    12
       Ozocubu's Armour  |       |     3 |    15 |    11 ||    29
Evoke: Deck              |       |       |       |     2 ||     2
  Use: Scroll            |     4 |     7 |     4 |     2 ||    17
       Potion            |     2 |     1 |     2 |     1 ||     6
 Stab: Sleeping          |     6 |     4 |     3 |     2 ||    15
  Eat: Bread ration      |     1 |     3 |       |     2 ||     6
       Beef jerky        |       |       |     2 |       ||     2
       Meat ration       |       |       |     2 |       ||     2
       Pizza             |       |       |     2 |       ||     2
Armor: Robe              |    18 |    27 |   100 |    32 ||   177
       Leather armour    |     2 |       |       |       ||     2
       Ring mail         |       |    10 |       |       ||    10
Dodge: Dodged            |    68 |   114 |   213 |   132 ||   527
Block: Other             |       |       |     1 |    16 ||    17
       Reflection        |       |       |       |     1 ||     1
